 Dungeon Crawl Stone Soup version 0.24.0-13-gcf9b319 (webtiles) character file.

Game seed: 7607988141665556672, levelgen mode: deterministic

59 Fang the Skirmisher (level 4, -2/29 HPs)
             Began as a Gargoyle Berserker on Nov 18, 2019.
             Was a Believer of Trog.
             Slain by a scorpion (4 damage)
             ... on level 2 of the Dungeon.
             The game lasted 00:00:57 (1267 turns).

Fang the Skirmisher (Gargoyle Berserker)            Turns: 1267, Time: 00:00:58

Health: -2/29      AC:  5    Str: 22    XL:     4   Next: 3%
Magic:  4/4        EV: 12    Int:  7    God:    Trog [**....]
Gold:   75         SH:  0    Dex:  9    Spells: 3/3 levels left

rFire    . . .     SeeInvis .   a - +0 hand axe
rCold    . . .     Gourm    .   (no shield)
rNeg     + . .     Faith    .   b - +0 animal skin
rPois    ∞         Spirit   .   (no helmet)
rElec    +         Reflect  .   (no cloak)
rCorr    .         Harm     .   (no gloves)
MR       .....                  (no boots)
Stlth    +.........             (no amulet)
HPRegen  0.09/turn              (no ring)
MPRegen  0.09/turn              (no ring)

@: berserk cooldown, slowed, very slow
A: negative energy resistance 1, electricity resistance, unbreathing,
petrification resistance, rot immunity, AC +3
a: Berserk, Trog's Hand, Renounce Religion


You were on level 2 of the Dungeon.
You worshipped Trog.
Trog was pleased with you.
You were very hungry.

You visited 1 branch of the dungeon, and saw 2 of its levels.

You collected 75 gold pieces.

Inventory:

Hand Weapons
 a - a +0 hand axe (weapon)
Armour
 b - a +0 animal skin (worn)
Scrolls
 g - a scroll of noise {unknown}
 i - a scroll of immolation {unknown}
 j - 2 scrolls of enchant armour {unknown}
 l - 2 scrolls of identify {unknown}
Potions
 e - a potion of brilliance {unknown}
 f - a potion of lignification {unknown}
 h - 2 potions of curing {unknown}
 k - a potion of resistance {unknown}
 m - a potion of berserk rage {unknown}
Comestibles
 c - 2 rations
 d - 3 chunks of flesh


   Skills:
 + Level 3.8 Fighting
 + Level 3.2 Axes
 + Level 3.0 Armour
 + Level 2.1 Dodging


You had 3 spell levels left.
You didn't know any spells.
Your spell library was empty.

Dungeon Overview and Level Annotations

Branches:
Dungeon (2/15)

Altars:
Sif Muna


Innate Abilities, Weirdness & Mutations

You are resistant to torment.
Your stone body is resilient. (AC +3)
You are immune to poison.
You resist negative energy. (rN+)
You are resistant to electric shocks. (rElec)
You can survive without breathing.
You are immune to petrification.
You are immune to rotting.


Message History

You hit the scorpion but do no damage. The scorpion barely misses you.
The scorpion stings you but does no damage.
You hit the scorpion.
The scorpion is lightly wounded.
The scorpion stings you.
* * * LOW HITPOINT WARNING * * *
The scorpion stings you.
* * * LOW HITPOINT WARNING * * *
You closely miss the scorpion.
The scorpion is lightly wounded.
The scorpion stings you.
* * * LOW HITPOINT WARNING * * *
You hit the scorpion.
The scorpion is moderately wounded.
The scorpion misses you. The scorpion stings you.
* * * LOW HITPOINT WARNING * * *
You hit the scorpion.
The scorpion is severely wounded.
The scorpion stings you.
You die...

##.......#
#.......##
#.###..## #..
#...# ###.
###.#.##.#
.....#.[......#
......>..#...##
......#.####..#
.....##@# ..#
..... #s# #.#
.... #.# .# ...
#.# ### ... ...
... .....


You could see a scorpion.

Vanquished Creatures
  2 adders (D:2)
  A worm (D:2)
  2 leopard geckos
  7 bats
  A giant cockroach (D:2)
  A goblin (D:1)
  4 hobgoblins (D:1)
  4 jackals (D:1)
  4 frilled lizards
  6 kobolds (D:1)
  4 rats
36 creatures vanquished.

Notes
Turn   | Place    | Note
-------+----------+-------------------------------------------
     0 | D:1      | Fang the Gargoyle Berserker began the quest for the Orb.
     0 | D:1      | Reached XP level 1. HP: 14/14 MP: 1/1
    48 | D:1      | Reached XP level 2. HP: 10/19 MP: 2/2
   692 | D:1      | Reached XP level 3. HP: 23/23 MP: 3/3
   705 | D:1      | Reached ** piety under Trog
  1211 | D:2      | Found a shimmering blue altar of Sif Muna.
  1257 | D:2      | Reached XP level 4. HP: 16/29 MP: 4/4
  1266 | D:2      | HP: 1/29 [scorpion (3)]
  1267 | D:2      | Slain by a scorpion

Levels and vault maps discovered:
D:1:      sevenhm_arrival_forest_fort_large_4, layout_basic, minivault_4
D:2:      layout_rooms, chequers_temple_overflow_minitemple,
          nicolae_overflow_hidden_temple, grunt_ministairs_15, uniq_robin

Skill      XL: |  1  2  3 |
---------------+----------+-----
Axes           | 3 |  3.2
Dodging        | 2 |  2.1
Armour         | 3 |  3.0
Fighting       | |  3.8

Action                   |  1- 3 |  4- 6 || total
-------------------------+-------+-------++-------
Melee: Hand axe          |   125 |     5 ||   130
Invok: Berserk           |     3 |       ||     3
  Eat: Chunk             |     3 |       ||     3
Armor: Animal skin       |    56 |     1 ||    57
Dodge: Dodged            |   117 |     2 ||   119
